[ AOE2 MATCH · #513651365 ]
UnrankedBulgarians vs Goths
Rival team · LOSS
[ REPLAY ANALYSIS · EXTRACTED FROM THE RECORDED GAME ]
Feudal
10:45
Castle
—
Imperial
—
| APM avg | 49.5 |
| APM peak | 88 |
| eAPM avg | 23.1 |
| Villagers / military | 32 / 21 |
Focus
⚔️ 36.3% · 🌾 63.7%
Militia ×15 · Archer ×6
Feudal
13:00
Castle
—
Imperial
—
| APM avg | 46.5 |
| APM peak | 73 |
| eAPM avg | 19.8 |
| Villagers / military | 34 / 21 |
Focus
⚔️ 22.8% · 🌾 77.2%
Militia ×12 · Archer ×6 · Skirmisher ×3
Match map
Initial resources + every placement click. Lines = walls · curves = elevation contours. ◆ gold · ⬟ stone · ● berries · ✦ relic · ◌ wall gap
Your base· Open — unwalled flank
Istoleyourratings's base· Open — unwalled flank
Smoothed initial terrain · ◌ = detected wall gap · hover for details
Inputs per minute
— CaptainMorgan - - Istoleyourratings
Build order — CaptainMorgan
87 actions detected in the replay
| 0:00 | Queue | Villager (Male) |
| 0:01 | Queue | Villager (Male) |
| 0:03 | Build | House |
| 0:04 | Build | House |
| 0:29 | Queue | Villager (Male) |
| 0:29 | Queue | Villager (Male) |
| 0:29 | Queue | Villager (Male) |
| 1:14 | Queue | Villager (Male) |
| 1:15 | Queue | Villager (Male) |
| 1:56 | Queue | Villager (Male) |
| 1:56 | Queue | Villager (Male) |
| 2:18 | Queue | Villager (Male) |
| 3:08 | Research | Loom |
| 3:30 | Queue | Villager (Male) |
| 3:53 | Queue | Villager (Male) |
| 3:53 | Queue | Villager (Male) |
| 4:21 | Build | House |
| 4:40 | Queue | Villager (Male) |
| 4:40 | Queue | Villager (Male) |
| 5:04 | Queue | Villager (Male) |
| 5:05 | Build | House |
| 5:45 | Queue | Villager (Male) |
| 6:14 | Queue | Villager (Male) |
| 6:19 | Build | Mill |
| 6:37 | Queue | Villager (Male) |
| 7:21 | Queue | Villager (Male) |
| 7:39 | Build | Mining Camp |
| 7:50 | Build | Barracks |
| 8:36 | Research | Feudal Age |
| 10:07 | Queue | Militia |
| 10:12 | Build | House |
| 10:43 | Build | House |
| 10:44 | Queue | Militia |
| 10:45 | Age | Feudal Age |
| 11:09 | Queue | Villager (Male) |
| 11:14 | Build | Palisade Gate |
| 11:18 | Queue | Militia |
| 11:34 | Queue | Militia |
| 11:35 | Queue | Villager (Male) |
| 11:59 | Queue | Militia |
| 11:59 | Queue | Militia |
| 12:18 | Queue | Militia |
| 12:18 | Queue | Villager (Male) |
| 12:48 | Queue | Militia |
| 12:49 | Queue | Villager (Male) |
| 12:53 | Build | Lumber Camp |
| 13:16 | Build | Farm |
| 13:27 | Queue | Militia |
| 13:43 | Build | House |
| 13:56 | Research | Arson |
| 14:18 | Queue | Militia |
| 14:19 | Queue | Villager (Male) |
| 14:24 | Build | Blacksmith |
| 14:32 | Queue | Militia |
| 14:57 | Build | Farm |
| 15:03 | Research | Scale Mail Armor |
| 15:27 | Queue | Villager (Male) |
| 15:34 | Build | Archery Range |
| 15:40 | Queue | Villager (Male) |
| 15:41 | Queue | Militia |
| 15:59 | Queue | Militia |
| 16:17 | Queue | Militia |
| 16:23 | Build | Farm |
| 16:25 | Build | Farm |
| 16:25 | Queue | Villager (Male) |
| 16:40 | Queue | Archer |
| 16:49 | Queue | Archer |
| 16:52 | Build | House |
| 17:09 | Build | Farm |
| 17:14 | Build | Farm |
| 17:27 | Build | House |
| 17:30 | Queue | Villager (Male) |
| 17:40 | Build | Farm |
| 17:48 | Research | Fletching |
| 17:50 | Queue | Archer |
| 18:01 | Build | House |
| 18:08 | Build | Palisade Gate |
| 18:10 | Queue | Villager (Male) |
| 18:14 | Build | Farm |
| 18:23 | Build | Farm |
| 18:33 | Queue | Archer |
| 18:35 | Queue | Militia |
| 19:09 | Queue | Archer |
| 19:23 | Queue | Villager (Male) |
| 19:23 | Queue | Villager (Male) |
| 19:30 | Build | Farm |
| 19:31 | Queue | Archer |
Build order — Istoleyourratings
89 actions detected in the replay
| 0:00 | Queue | Villager (Male) |
| 0:03 | Research | Loom |
| 0:04 | Build | House |
| 0:07 | Build | House |
| 0:11 | Queue | Villager (Male) |
| 0:16 | Queue | Villager (Male) |
| 0:17 | Queue | Villager (Male) |
| 0:17 | Queue | Villager (Male) |
| 1:35 | Queue | Villager (Male) |
| 1:35 | Queue | Villager (Male) |
| 2:09 | Queue | Villager (Male) |
| 2:29 | Queue | Villager (Male) |
| 2:46 | Queue | Villager (Male) |
| 3:24 | Queue | Villager (Male) |
| 3:37 | Build | Palisade Wall |
| 3:41 | Build | Palisade Wall |
| 3:43 | Build | Palisade Wall |
| 3:47 | Build | Palisade Wall |
| 3:57 | Queue | Villager (Male) |
| 4:04 | Build | House |
| 4:18 | Queue | Villager (Male) |
| 4:24 | Build | Barracks |
| 4:40 | Queue | Villager (Male) |
| 5:13 | Queue | Villager (Male) |
| 5:20 | Queue | Militia |
| 5:21 | Queue | Militia |
| 5:23 | Build | House |
| 5:36 | Queue | Villager (Male) |
| 5:55 | Queue | Villager (Male) |
| 6:11 | Build | Mill |
| 6:13 | Queue | Villager (Male) |
| 6:53 | Queue | Militia |
| 7:17 | Queue | Villager (Male) |
| 7:38 | Build | Lumber Camp |
| 8:10 | Queue | Villager (Male) |
| 8:22 | Queue | Militia |
| 8:52 | Queue | Villager (Male) |
| 9:21 | Queue | Villager (Male) |
| 9:27 | Build | Mill |
| 9:43 | Build | House |
| 10:03 | Queue | Militia |
| 10:05 | Queue | Villager (Male) |
| 10:32 | Queue | Villager (Male) |
| 10:36 | Build | Mining Camp |
| 10:46 | Queue | Villager (Male) |
| 10:50 | Research | Feudal Age |
| 10:51 | Research | Feudal Age |
| 11:25 | Build | House |
| 11:27 | Build | Palisade Wall |
| 12:13 | Queue | Villager (Male) |
| 12:36 | Queue | Villager (Male) |
| 12:46 | Queue | Militia |
| 12:48 | Queue | Villager (Male) |
| 12:58 | Build | House |
| 13:00 | Age | Feudal Age |
| 13:07 | Research | Man-at-Arms (upgrade) |
| 13:07 | Research | Man-at-Arms (upgrade) |
| 13:08 | Queue | Militia |
| 13:08 | Queue | Militia |
| 13:30 | Build | Palisade Wall |
| 13:32 | Build | Palisade Wall |
| 13:40 | Build | House |
| 14:05 | Queue | Villager (Male) |
| 14:34 | Queue | Militia |
| 14:36 | Queue | Villager (Male) |
| 14:59 | Queue | Militia |
| 14:59 | Queue | Militia |
| 15:03 | Queue | Villager (Male) |
| 15:06 | Build | Farm |
| 15:07 | Build | Farm |
| 15:13 | Build | Farm |
| 15:24 | Queue | Militia |
| 15:54 | Build | Lumber Camp |
| 16:22 | Queue | Villager (Male) |
| 16:49 | Build | Farm |
| 17:13 | Build | Archery Range |
| 17:37 | Queue | Villager (Male) |
| 17:49 | Build | Farm |
| 17:58 | Queue | Archer |
| 18:03 | Build | Archery Range |
| 18:15 | Queue | Villager (Male) |
| 18:24 | Queue | Archer |
| 18:32 | Queue | Archer |
| 18:53 | Queue | Skirmisher |
| 19:04 | Queue | Skirmisher |
| 19:04 | Queue | Skirmisher |
| 19:06 | Queue | Archer |
| 19:06 | Queue | Archer |
| 19:07 | Queue | Archer |
Match timeline
| 3:37 | Istoleyourratings · wall_segment Palisade Wall x1 |
| 3:41 | Istoleyourratings · wall_segment Palisade Wall x1 |
| 3:43 | Istoleyourratings · wall_segment Palisade Wall x1 |
| 3:47 | Istoleyourratings · wall_segment Palisade Wall x1 |
| 4:24 | Istoleyourratings · first_building Barracks |
| 7:50 | CaptainMorgan · first_building Barracks |
| 10:45 | CaptainMorgan · age_up feudal |
| 11:27 | Istoleyourratings · wall_segment Palisade Wall x6 |
| 13:00 | Istoleyourratings · age_up feudal |
| 13:30 | Istoleyourratings · wall_segment Palisade Wall x1 |
| 13:32 | Istoleyourratings · wall_segment Palisade Wall x1 |
| 15:34 | CaptainMorgan · first_building Archery Range |
| 17:13 | Istoleyourratings · first_building Archery Range |
| 19:33 | Istoleyourratings · resign |
[ AI ANALYSIS · 1 CREDIT ]
What really happened in this match?
Wolo.gg analyzes every decision: build order, eco, micro, common mistakes by bracket. Personalized analysis on WhatsApp or Discord in 30 seconds.
Civ guide
Bulgarians
Perfil
Jugador #4850356